 Dungeon Crawl Stone Soup version 0.25-a0-85-g7617fd2bc2 (webtiles) character file.

Game seed: 9217464153329706279, levelgen mode: deterministic

333 MrRokkomies the Vexing (level 6, -7/41 HPs)
             Began as a Vampire Enchanter on Nov 8, 2019.
             Was an Initiate of Dithmenos.
             Mangled by a river rat (9 damage)
             ... on level 4 of the Dungeon.
             The game lasted 00:06:43 (2990 turns).

MrRokkomies the Vexing (Vampire Enchanter)          Turns: 2990, Time: 00:06:44

Health: -7/41      AC:  3    Str:  7    XL:     6   Next: 27%
Magic:  4/9        EV: 13    Int: 19    God:    Dithmenos [......]
Gold:   207        SH:  0    Dex: 15    Spells: 4/9 levels left

rFire    . . .     SeeInvis +   a - +1 dagger
rCold    . . .     Gourm    .   (no shield)
rNeg     . . .     Faith    .   b - +0 robe
rPois    .         Spirit   .   (no helmet)
rElec    .         Reflect  .   (no cloak)
rCorr    .         Harm     .   q - +0 pair of gloves
MR       +....                  (no boots)
Stlth    +++.......             i - amulet of magic regeneration
HPRegen  0.33/turn              g - ring of wizardry
MPRegen  0.36/turn              h - ring of protection from magic

@: flying, regenerating quickly
A: no food, fangs 3, see invisible, unbreathing
a: Exsanguinate, Renounce Religion


You were on level 4 of the Dungeon.
You worshipped Dithmenos.
Dithmenos was noncommittal.
You were alive.

You visited 2 branches of the dungeon, and saw 5 of its levels.

You collected 207 gold pieces.

Inventory:

Hand Weapons
 a - a +1 dagger (weapon)
Missiles
 l - 105 stones (quivered)
 p - 27 sling bullets
Armour
 b - a +0 robe (worn)
 q - a +0 pair of gloves (worn)
Jewellery
 g - a ring of wizardry (left hand)
 h - a ring of protection from magic (right hand)
 i - an amulet of magic regeneration (around neck)
Scrolls
 d - 2 scrolls of fear
 e - 4 scrolls of remove curse
 j - a scroll of identify
 o - a scroll of teleportation
Potions
 c - a potion of heal wounds {unknown}
 f - a potion of mutation {unknown}
 k - a potion of flight
 m - 2 potions of curing
 n - a potion of ambrosia {unknown}


   Skills:
 * Level 4.4 Short Blades
 - Level 2.1 Dodging
 + Level 6.2 Stealth
 - Level 2.0 Spellcasting
 * Level 7.3 Hexes


You had 4 spell levels left.
You knew the following spells:

 Your Spells              Type           Power        Failure   Level  Hunger
b - Ensorcelled Hibernat  Hex/Ice        ###...       2%          2    N/A
c - Confuse               Hex            ####....     1%          3    N/A

Your spell library contained the following spells:

 Spells                   Type           Power        Failure   Level  Hunger
 Corona                   Hex            ####...      1%          1    N/A
 Tukima's Dance           Hex            ####....     1%          3    N/A
 Dazzling Spray           Conj/Hex       ###...       4%          3    N/A
 Beastly Appendage        Tmut           #.....       7%          1    N/A
 Sticks to Snakes         Tmut           #.......     11%         2    N/A
 Spider Form              Tmut/Pois      #.........   21%         3    N/A
 Ice Form                 Ice/Tmut       #.......     52%         4    N/A
 Blade Hands              Tmut           #.........   86%         5    N/A

Dungeon Overview and Level Annotations

Branches:
Dungeon (4/15)             Temple (1/1) D:4

Altars:
Cheibriados
Dithmenos
Elyvilon
Gozag
Nemelex Xobeh
Okawaru
Qazlal
Ru
Sif Muna
Uskayaw
Xom
The Shining One


Innate Abilities, Weirdness & Mutations

You do not eat.
Your natural rate of healing is unusually fast.
You have razor-sharp teeth.
You have supernaturally acute eyesight. (SInv)
You can survive without breathing.


Message History

* * * LOW HITPOINT WARNING * * *
You closely miss the river rat.
You bite the river rat, but do no damage.
You feel better. The river rat bites you.
* * * LOW HITPOINT WARNING * * *
You feel very buoyant.
You fly up into the air.
The river rat bites you.
* * * LOW HITPOINT WARNING * * *
You feel better.
The river rat twitches its whiskers.
The river rat bites you!
* * * LOW HITPOINT WARNING * * *
Casting: Ensorcelled Hibernation (safe; 2% risk of failure)
Confirm with . or Enter, or press ? or * to list all spells.
Aiming: Confuse (safe; 1% risk of failure)
Press: ? - help, Shift-Dir - straight line, f/p - river rat
Aim: a river rat (chance to defeat MR: 67%)
The river rat appears confused.
The river rat closely misses you.
You hit the river rat but do no damage. The river rat bites you!
You die...

###.................!#
#..#####...........#
##..####.....≈......#
#..........≈≈≈≈≈.≈..#
##..####.####≈#≈#≈≈##
##.# #.#≈≈≈≈≈≈≈≈≈# #$#
##.#≈#########
#)###..#≈≈≈≈≈≈#
#....######≈#@# ###.##
#≈≈≈†#r# #.# #≈##≈#≈#
#.# #≈#≈≈#≈# #..
#≈#≈##≈# #.# #≈#†##≈≈
#.# #≈#≈≈#≈# #.#
########


You could see a river rat (confused).

Vanquished Creatures
  2 hounds (D:4)
  3 worker ants
  A hound skeleton (D:4)
  9 adders
  An ooze (D:4)
  4 worms
  3 dart slugs
  3 leopard geckos
  2 orcs
  5 giant cockroaches
  5 goblins
  10 hobgoblins
  12 kobolds
  4 quokkas
  2 ball pythons
  9 bats
  7 frilled lizards
  11 rats
93 creatures vanquished.

Notes
Turn   | Place    | Note
-------+----------+-------------------------------------------
     0 | D:1      | MrRokkomies the Vampire Enchanter began the quest for the
                  | Orb.
     0 | D:1      | Reached XP level 1. HP: 13/13 MP: 3/3
   111 | D:1      | You fall into a shaft and drop 1 floor!
   124 | D:2      | Reached XP level 2. HP: 3/19 MP: 5/5
   189 | D:2      | Learned a level 2 spell: Ensorcelled Hibernation
   440 | D:1      | Reached skill level 5 in Hexes
   856 | D:2      | Reached XP level 3. HP: 24/24 MP: 6/6
   862 | D:2      | Learned a level 3 spell: Confuse
  1171 | D:2      | Reached skill level 5 in Stealth
  1510 | D:2      | Reached XP level 4. HP: 30/30 MP: 7/7
  2034 | D:3      | Reached skill level 6 in Hexes
  2444 | D:3      | Reached XP level 5. HP: 35/35 MP: 5/8
  2606 | D:4      | Found a staircase to the Ecumenical Temple.
  2616 | Temple   | Entered the Ecumenical Temple
  2647 | Temple   | Became a worshipper of Dithmenos the Shadowed
  2789 | D:4      | Found a white marble altar of Elyvilon.
  2811 | D:4      | Reached skill level 7 in Hexes
  2820 | D:4      | Reached XP level 6. HP: 21/41 MP: 3/9
  2988 | D:4      | HP: 2/41 [river rat (8)]
  2990 | D:4      | Mangled by a river rat

Levels and vault maps discovered:
D:1:      dpeg_arrival_rooms_c, layout_basic
D:2:      minmay_evil_eye, layout_basic, minmay_fractal_squares_gapless_5
D:3:      layout_loops_ring, first_ration, minivault_26
D:4:      layout_loops_ring, nicolae_overflow_crystal_walls,
          minmay_temple_entry_grid, lightli_sewer_entry_pipes,
          minmay_misc_feat_secret_circle, uniq_sigmund, uniq_menkaure
Temple:   nicolae_temple_elliptical

Skill      XL: |  1  2  3  4  5 |
---------------+----------------+-----
Short Blades   | 2 3 4 |  4.4
Hexes          | 5 6 7 |  7.3
Stealth        | 5 6 |  6.2
Dodging        | |  2.1
Spellcasting   | |  2.0

Action                   |  1- 3 |  4- 6 || total
-------------------------+-------+-------++-------
Melee: Dagger            |   159 |   175 ||   334
       Bite              |    18 |     9 ||    27
 Cast: Ensorcelled Hiber |     6 |    22 ||    28
       Confuse           |       |     1 ||     1
  Use: Scroll            |     5 |     3 ||     8
       Potion            |       |     3 ||     3
 Stab: Sleeping          |    17 |    26 ||    43
       Distracted        |     1 |       ||     1
Armor: Robe              |    37 |    32 ||    69
Dodge: Dodged            |    93 |   106 ||   199

Table legend:
 A = Non-vault XP
 B = Vault XP
 C = Vault XP percentage of total XP
 D = Non-vault monster count
 E = Vault monster count
 F = Vault count percentage of total count
                 A         B        C        D         E       F
            +---------+---------+-------+---------+---------+-------
      Total |     416 |      61 |  12.8 |      81 |      12 |  12.9
            +---------+---------+-------+---------+---------+-------
        D:1 |      30 |       0 |   0.0 |      16 |       0 |   0.0
        D:2 |      59 |      15 |  20.3 |      27 |       7 |  20.6
        D:3 |     110 |       0 |   0.0 |      25 |       0 |   0.0
        D:4 |     217 |      46 |  17.5 |      13 |       5 |  27.8
            +---------+---------+-------+---------+---------+-------
